 Dungeon Crawl Stone Soup version 0.18-a0-1780-g189a03f (webtiles) character file.

365 TheGoonsmith the Shooter (level 6, -12/37 HPs)
             Began as a Tengu Hunter on Apr 17, 2016.
             Mangled by an ogre
             ... wielding a +0 giant club
              (15 damage)
             ... on level 3 of the Dungeon.
             The game lasted 00:06:50 (3754 turns).

TheGoonsmith the Shooter (Tengu Hunter)             Turns: 3754, Time: 00:06:51

Health: -12/37     AC:  6    Str: 10 (13) XL:     6   Next: 68%
Magic:  7/7        EV:  8    Int: 10 (12) God:
Gold:   130        SH:  0    Dex: 14 (15) Spells: 0 memorised, 5 levels left

rFire  . . .     SeeInvis .     b - +2 mace (holy)
rCold  . . .     Gourm    .     u - +0 scale mail
rNeg   . . .     Faith    .     (no shield)
rPois  .         Spirit   .     (helmet restricted)
rElec  .         Dismiss  .     (no cloak)
rCorr  .         Reflect  .     (no gloves)
SustAt .         Harm     .     (boots unavailable)
MR     .....                    (no amulet)
Stlth  ..........               (no ring)
                                (no ring)

@: drained, not resistant to hostile enchantments, extremely unstealthy
A: beak, talons 3, able to fly 1
a: Fly


You were on level 3 of the Dungeon.
You were not hungry.

You visited 1 branch of the dungeon, and saw 3 of its levels.

You collected 130 gold pieces.

Inventory:

Hand Weapons
 a - a +1 shortbow
 b - a +2 mace of holy wrath (weapon)
 k - a +0 short sword
 o - a +4 dagger
 v - a +2 mace of draining
Missiles
 d - 14 arrows
Armour
 c - a +0 leather armour
 u - a +0 scale mail (worn)
Jewellery
 t - an uncursed ring of wizardry {unknown}
Scrolls
 e - a scroll of remove curse {unknown}
 g - a scroll of teleportation {unknown}
 j - 3 scrolls of recharging {unknown}
 l - 2 scrolls of immolation {unknown}
 m - a scroll of enchant weapon {unknown}
 n - 2 scrolls of fog {unknown}
 q - a scroll of amnesia {unknown}
Potions
 h - a potion of curing
 p - a potion of might {unknown}
 r - 2 potions of degeneration
 s - 2 potions of ambrosia {unknown}
Comestibles
 f - 4 bread rations
 i - 4 meat rations


   Skills:
 + Level 3.1(2.4) Fighting
 - Level 5.1(4.4) Maces & Flails
 - Level 6.0(5.3) Bows
 - Level 2.1(1.5) Dodging
 - Level 1.0(0.3) Stealth


You had 5 spell levels left.
You didn't know any spells.

Dungeon Overview and Level Annotations

Branches:
Dungeon (3/15)

Altars:
The Shining One


Innate Abilities, Weirdness & Mutations

You have a beak for a mouth.
You have claws for feet.
You can fly.


Message History

The ogre is lightly wounded.
The ogre hits you with a giant club!!
Ouch! That really hurt!
You thump the ogre! Your peck misses the ogre.
The ogre is heavily wounded.
The ogre closely misses you.
You barely miss the ogre.
The ogre is heavily wounded.
The ogre hits you with a giant club!
* * * LOW HITPOINT WARNING * * *
You are too injured to fight recklessly!
Drink which item? (? for menu, Esc to quit)
Drink which item? (? for menu, Esc to quit)
Okay, then.
Drink which item? (? for menu, Esc to quit)
It was a potion of degeneration.
There was something very wrong with that liquid.
You feel weakened.
You feel dopey.
You feel clumsy. The ogre hits you with a giant club!
You die...

..8##.....########.....# #.#
## 8## #.....# #.....# #.#
#####.....# #.....# #.#
..........# #.....###.#
).........# #.........#
######...##### #.........# #
#.......# #.........# #
#...###.#####.........######
#
##.........@O...............
#
#.##.#.#####.........######
# #.#..#(# #.....#'#.#
#.#..#.# #.........######
#.#..#.# #...............
#.#..#.# #....)....######
#)#..#.# #.........#....<
#.#..#.# ######....#.####
#.####.# ####....#.....


You could see an ogre.

Vanquished Creatures
  Grinder (D:3)
  A hound (D:3)
  Ijyb (D:3)
  Robin (D:3)
  An adder (D:2)
  2 oozes (D:2)
  3 worms
  5 dart slugs
  3 giant geckos
  An orc (D:3)
  7 giant cockroaches
  10 goblins
  10 hobgoblins
  8 jackals
  9 kobolds
  3 quokkas
  2 ball pythons
  5 bats
  2 giant newts
  11 rats
86 creatures vanquished.

Notes
Turn   | Place    | Note
--------------------------------------------------------------
     0 | D:1      | TheGoonsmith the Tengu Hunter began the quest for the Orb.
     0 | D:1      | Reached XP level 1. HP: 12/12 MP: 2/2
   131 | D:1      | Reached XP level 2. HP: 13/17 MP: 3/3
   332 | D:1      | Reached skill level 5 in Bows
   979 | D:2      | Reached XP level 3. HP: 21/21 MP: 4/4
  1586 | D:2      | Reached skill level 6 in Bows
  1586 | D:2      | Reached XP level 4. HP: 21/26 MP: 5/5
  1874 | D:2      | Reached skill level 1 in Maces & Flails
  2584 | D:3      | Noticed Grinder
  2597 | D:3      | Killed Grinder
  2597 | D:3      | Reached skill level 5 in Maces & Flails
  2597 | D:3      | Gained mutation: You can fly. [Tengu growth]
  2597 | D:3      | Reached XP level 5. HP: 4/30 MP: 6/6
  2597 | D:3      | Reached XP level 6. HP: 5/35 MP: 7/7
  3176 | D:3      | Noticed Ijyb
  3189 | D:3      | Killed Ijyb
  3464 | D:3      | Noticed Robin
  3487 | D:3      | Killed Robin
  3584 | D:3      | Found a glowing golden altar of the Shining One.
  3754 | D:3      | Mangled by an ogre

Vault maps used:
D:1:      lemuel_arrival_muddy, minmay_surrounded
D:2:      minmay_misc_feat_room, minmay_misc_feat_nine_boxes
D:3:      nicolae_overflow_hidden_temple, first_bread, uniq_iyjb, uniq_robin,
          uniq_grinder

Skill      XL: |  1  2  3  4  5  6 |
---------------+-------------------+-----
Bows           | 5 6 |  6.0
Maces & Flails | 5 |  5.1
Fighting       | 3 |  3.1
Dodging        | |  2.1
Stealth        | |  1.0

Action                   |  1- 3 |  4- 6 || total
-------------------------+-------+-------++-------
Melee: Mace              |    50 |   102 ||   152
       Short sword       |     7 |       ||     7
       Kick              |    18 |    17 ||    35
       Peck              |    10 |    13 ||    23
 Fire: Shortbow          |    35 |    54 ||    89
  Use: Potion            |     1 |     1 ||     2
 Stab: Sleeping          |     1 |       ||     1
  Eat: Chunk             |     2 |     4 ||     6
       Meat ration       |       |     1 ||     1
Armor: Leather armour    |    16 |    21 ||    37
       Scale mail        |       |    21 ||    21
Dodge: Dodged            |    49 |    65 ||   114
